 Dungeon Crawl Stone Soup version bcrawl-1.38.3 (webtiles) character file.

Game seed: 6718387462350040415

11337818 Galewind the Devastator (level 27, -22/165 HPs)
             Began as an Avariel Conjurer on June 23, 2023.
             Was the Champion of Vehumet.
             Annihilated by a Hell Sentinel (42 damage)
             ... on level 12 of a ziggurat.
             The game lasted 01:14:10 (44378 turns).

Galewind the Devastator (Avariel Conjurer)         Turns: 44378, Time: 01:14:11

Health: -22/165    AC: 16    Str:  9    XL:     27
Magic:  27/47      EV: 32    Int: 41    God:    Vehumet [******]
Gold:   3130       SH:  0    Dex: 22    Spells: 6/62 levels left

rFire    + + .     GDR:     32% u - +3 Elemental Staff {rElec rF++ rC++ MR++ AC+5}
rCold    + + +     Archmagi +   (shield currently unavailable)
rNeg     . . .     SeeInvis +   J - +1 robe of Makhleb's Benevolence {+Blink Slay+3 Archmagi}
rPois    .         Gourm    .   k - +0 helmet {Int+3}
rElec    +         Faith    .   O - +2 cloak of the Thief {+Fog +Inv Slay-2 SInv Stlth+}
rCorr    .         Spirit   .   M - +2 pair of gloves
MR       ++++.     Reflect  .   r - +0 pair of boots of the Eternal Fruit {Str+3 Int+3}
Stlth    +++.......             T - amulet of magic regeneration
HPRegen  0.37/turn              t - ring of the Moon {Wiz +Blink rC+}
MPRegen  0.86/turn              K - ring "Heseiduk" {Wiz Dex+9}

@: flying quickly and evasively, studying Charms, lightly drained, deflect
missiles, quick
A: blurry vision 1, able to fly
}: 3/15 runes: decaying, slimy, gossamer
a: Stop Flying, Renounce Religion, Evoke Blink, Evoke Fog, Evoke Invisibility


You were on level 12 of a ziggurat.
You worshipped Vehumet.
Vehumet was exalted by your worship.
You were not hungry.

You visited 10 branches of the dungeon, and saw 38 of its levels.
You visited the Abyss 1 time.
You visited 1 ziggurat, and saw 12 of its levels.
You also visited: Gauntlet and Ice Cave.

You collected 5654 gold pieces.
You spent 2524 gold pieces at shops.

Inventory:

Hand Weapons
 u - the +3 Elemental Staff (weapon) {rElec rF++ rC++ MR++ AC+5}
   (You found it on level 5 of the Pits of Slime)

   It affects your AC (+5).
   It greatly protects you from fire.
   It greatly protects you from cold.
   It insulates you from electricity.
   It affects your resistance to hostile enchantments.
Armour
 k - a +0 helmet of intelligence (worn)
 r - the +0 pair of boots of the Eternal Fruit (worn) {Str+3 Int+3}
   (You found it on level 1 of the Elven Halls)

   It affects your strength (+3).
   It affects your intelligence (+3).
 J - the +1 robe of Makhleb's Benevolence (worn) {+Blink Slay+3 Archmagi}
   (You found it on level 8 of the Dungeon)

   It affects your accuracy and damage with ranged weapons and melee attacks
   (+3).
   It lets you blink.
   It increases the power of your magical spells.
 M - a +2 pair of gloves (worn)
 O - the +2 cloak of the Thief (worn) {+Fog +Inv Slay-2 SInv Stlth+}
   (You found it in a Gauntlet)

   It affects your accuracy and damage with ranged weapons and melee attacks
   (-2).
   It lets you see invisible.
   It lets you turn invisible.
   It makes you more stealthy.
Magical Staves
 q - an uncursed staff of cold
 U - an uncursed staff of conjuration
 X - an uncursed staff of fire
Jewellery
 p - the ring of Phasing {EV+8}
   (You took it off a deep elf mage on level 3 of the Elven Halls)

   [ring of evasion]

   It affects your evasion (+8).
 t - the ring of the Moon (left hand) {Wiz +Blink rC+}
   (You took it off a deep elf archer on level 3 of the Elven Halls)

   [ring of wizardry]

   It improves your spell success rate.
   It protects you from cold.
   It lets you blink.
 K - the ring "Heseiduk" (right hand) {Wiz Dex+9}
   (You found it on level 9 of a ziggurat)

   [ring of wizardry]

   It improves your spell success rate.
   It affects your dexterity (+9).
 T - an amulet of magic regeneration (around neck)
Wands
 v - a wand of disintegration (39)
 D - a wand of clouds (25)
 E - a wand of iceblast (38)
 Q - a wand of digging (22)
 S - a wand of acid (7)
Scrolls
 a - 6 scrolls of blinking
 b - 9 scrolls of immolation
 d - 10 scrolls of fog
 g - 12 scrolls of teleportation
 i - 7 scrolls of enchant weapon
 n - 10 scrolls of enchant armour
 x - 8 scrolls of fear
 y - 26 scrolls of remove curse
 z - 7 scrolls of amnesia
 B - 4 scrolls of torment
 C - 5 scrolls of noise
 H - a scroll of vulnerability
 P - a scroll of brand weapon
 W - 5 scrolls of summoning
 Y - 5 scrolls of magic mapping
Potions
 c - 7 potions of magic
 f - 4 potions of berserk rage
 h - 2 potions of resistance
 j - 10 potions of mutation
 m - 8 potions of curing
 o - 6 potions of brilliance
 s - 5 potions of lignification
 w - 6 potions of haste
 A - 6 potions of flight
 F - 4 potions of invisibility
 G - 2 potions of cancellation
 I - 6 potions of ambrosia
 L - 4 potions of agility
 N - 5 potions of heal wounds
 V - 5 potions of might
Miscellaneous
 l - a lamp of fire
Comestibles
 e - 55 rations {!d}


   Skills:
 - Level 15.0(14.7) Fighting
   Level 2.0(1.7) Short Blades
   Level 9.3(11.1) Maces & Flails
 - Level 12.4(13.7) Staves
 - Level 15.0(14.7) Dodging
 - Level 2.1(1.9) Stealth
 - Level 18.0(17.6) Spellcasting
 - Level 18.0(17.6) Conjurations
 - Level 9.0(8.7) Charms
 - Level 14.3(14.0) Translocations
 + Level 16.3(16.0) Fire Magic
 + Level 15.4(15.1) Ice Magic
 + Level 16.2(15.9) Air Magic
 - Level 2.8(2.5) Evocations


You had 6 spell levels left.
You knew the following spells:

 Your Spells              Type           Power        Failure   Level  Hunger
a - Magic Dart            Conj           ####         0%          1    None
b - Icicle Burst          Conj/Ice       ########..   1%          7    ###....
c - Glaciate              Conj/Ice/Air   ########..   1%          8    #####..
d - Fire Storm            Conj/Fire      ########..   5%          9    ######.
e - Sticky Flame          Conj/Fire      ########     0%          4    None
f - Ignition              Fire           ########..   1%          8    #####..
g - Bolt of Cold          Conj/Ice       ########..   1%          6    None
h - Deflect Missiles      Chrm/Air       ########..   1%          6    None
i - Controlled Blink      Tloc           ########     1%          7    ###....

Your spell library contained the following spells:

 Spells                   Type           Power        Failure   Level  Hunger
 Apportation              Tloc           ######       0%          1    None
 Freeze                   Ice            ######       0%          1    None
 Static Discharge         Air            ######       0%          1    None
 Sting                    Conj/Pois      ####         0%          1    None
 Blink                    Tloc           N/A          0%          2    None
 Searing Ray              Conj           ########     0%          2    None
 Throw Frost              Conj/Ice       ######       0%          2    None
 Beckoning                Tloc           ########..   0%          3    None
 Conjure Flame            Conj/Fire      ########     0%          3    None
 Iskenderun's Mystic Bla  Conj           ########     0%          3    None
 Mephitic Cloud           Conj/Pois/Air  ########     0%          3    None
 Ozocubu's Armour         Chrm/Ice       ########     0%          3    None
 Portal Projectile        Tloc           ######       0%          3    None
 Force Lance              Tloc           ########     0%          4    None
 Lightning Bolt           Conj/Air       ########     0%          4    None
 Throw Icicle             Conj/Ice       ########     0%          4    None
 Fireball                 Conj/Fire      ########..   0%          5    None
 Beastly Appendage        Tmut           ######       1%          1    None
 Corona                   Hex            ######.      1%          1    None
 Sandblast                Erth           ######       1%          1    None
 Slow                     Hex            ######..     1%          1    None
 Summon Butterflies       Summ           ######..     1%          1    None
 Summon Small Mammal      Summ           ####         1%          1    None
 Call Imp                 Summ           ######       1%          2    None
 Corpse Rot               Necr           N/A          1%          2    None
 Ensorcelled Hibernation  Hex/Ice        ######       1%          2    None
 Passwall                 Tmut/Erth      ######..     1%          2    None
 Poisonous Vapours        Pois/Air       ######       1%          2    None
 Sticks to Snakes         Tmut           ######..     1%          2    None
 Sublimation of Blood     Necr           ######....   1%          2    None
 Call Canine Familiar     Summ           ######..     1%          3    None
 Confuse                  Hex            ######..     1%          3    None
 Dazzling Orbs            Conj/Hex       #######      1%          3    None
 Ignite Poison            Fire/Tmut/Pois #######.     1%          3    None
 Recall                   Summ/Tloc      N/A          1%          3    None
 Regeneration             Chrm/Necr      #######...   1%          3    None
 Spider Form              Tmut/Pois      ###          1%          3    None
 Stone Arrow              Conj/Erth      ######       1%          3    None
 Tukima's Dance           Hex            ######..     1%          3    None
 Vampiric Draining        Necr           ######....   1%          3    None
 Fulminant Prism          Conj/Hex       ########..   1%          4    None
 Ice Form                 Ice/Tmut       #######.     1%          4    None
 Summon Ice Beast         Ice/Summ       #######.     1%          4    None
 Yara's Violent Unravell  Hex/Tmut       ######....   1%          4    None
 Bolt of Magma            Conj/Fire/Erth ########..   1%          5    None
 Freezing Cloud           Ice/Air        ########     1%          5    None
 Irradiate                Conj/Tmut      ########..   1%          5    None
 Lee's Rapid Deconstruct  Erth           ######....   1%          5    None
 Metabolic Englaciation   Hex/Ice        #######...   1%          5    None
 Silence                  Hex/Air        ########..   1%          5    None
 Steam Barrier            Chrm/Fire      ########..   1%          5    None
 Summon Forest            Summ/Tloc      #######...   1%          5    None
 Summon Lightning Spire   Summ/Air       ########     1%          5    None
 Venom Bolt               Conj/Pois      ########..   1%          5    None
 Bolt of Fire             Conj/Fire      ########..   1%          6    None
 Conjure Ball Lightning   Conj/Air       ########..   1%          6    None
 Dispersal                Tloc           ########..   1%          6    None
 Ozocubu's Refrigeration  Ice            ########..   1%          6    None
 Simulacrum               Ice/Necr       #######.     1%          6    None
 Animate Dead             Necr           N/A          2%          4    None
 Cause Fear               Hex            ######....   2%          4    None
 Olgreb's Toxic Radiance  Pois           ######...    2%          4    None
 Petrify                  Tmut/Erth      ######....   2%          4    None
 Summon Scorpions         Summ/Pois      ######..     2%          4    None
 Tree Form                Hex/Tmut       N/A          2%          4    None
 Blade Hands              Tmut           ######....   5%          5    None
 Dispel Undead            Necr           ######..     5%          5    None
 Summon Mana Viper        Hex/Summ       ######..     5%          5    None
 Death Channel            Chrm/Necr      #######...   5%          6    None
 Aura of Abjuration       Summ           ######....   30%         6    None
 Borgnjor's Vile Clutch   Necr/Erth      ######....   30%         6    None
 Darkness                 Hex            ######....   30%         6    None
 Infestation              Hex/Tmut/Pois  ######...    30%         6    None
 Invisibility             Hex            ######..     30%         6    None
 Summon Hydra             Summ           ######....   30%         6    None
 Virulence                Hex/Pois       ######..     30%         6    None
 Mana Rupture             Conj/Hex       ########..   1%          7    ###....
 Chain Lightning          Conj/Air       ########..   1%          8    #####..
 Spellforged Servitor     Conj/Summ      ########..   4%          7    ###....
 Malign Gateway           Summ/Tloc      #######...   10%         7    ###....
 Time Stop                Chrm/Tloc      N/A          13%         8    #####..
 Discord                  Hex            ######....   80%         7    ###....
 Haunt                    Necr/Summ      ######....   80%         7    ###....
 Monstrous Menagerie      Summ           ######....   80%         7    ###....
 Shadow Creatures         Summ           N/A          80%         7    ###....
 Summon Greater Demon     Summ           ######....   80%         7    ###....
 Summon Horrible Things   Summ           ######....   100%        8    #####..


Dungeon Overview and Level Annotations

Branches:
Dungeon (12/12)            Temple (1/1) D:4            Lair (6/6) D:9
  Swamp (3/3) Lair:3       Spider (3/3) Lair:2        Slime (5/5) Lair:6
    Orc (1/1) D:11            Elf (3/3) Orc          Vaults (2/3) D:11
  Crypt (0/2) Vaults:2     Depths (2/5) D:12

Altars:
Ashenzari
Cheibriados
Dithmenos
Elyvilon
Fedhas
Gozag
Hepliaklqana
Kikubaaqudgha
Lugonu
Makhleb
Nemelex Xobeh
Okawaru
Qazlal
Ru
Sif Muna
Trog
Uskayaw
Vehumet
Wu Jian
Xom
Yredelemnul
Zin
The Shining One
Jiyva

Shops:
D:10 ?:   Orc =!**   Elf:2 =}=   Vaults:1 ?

Portals:
Hell: Depths:1 Depths:2
Pandemonium: Depths:1
Trove: D:11 (give 7 potions of heal wounds)

Annotations:
D:4 1 runed translucent door, Cris's ghost, novice GnIE
D:11 3 runed translucent doors, Lazarus1551's ghost, journeyman OnCj
Lair:3 3 runed translucent doors, kosoiffoigrumme1174's ghost, journeyman TrAc
Lair:4 3 runed translucent doors, kosoiffoigrumme1174's ghost, journeyman TrAc
Lair:5 3 runed translucent doors, kosoiffoigrumme1174's ghost, journeyman TrAc
Elf:2 3 runed doors


Innate Abilities, Weirdness & Mutations

You can fly continuously.
Scrolls take you a little longer to read.


Message History

* * * LOW HITPOINT WARNING * * *
You feel drained.
The infernal blood saint is engulfed in freezing vapours.
Unknown command.
You feel much better.
The Hell Sentinel completely misses you. x2
The infernal blood saint closely misses you.
The Hell Sentinel completely misses you.
The Hell Sentinel hits you!
* * * LOW HITPOINT WARNING * * *
You feel your power leaking away.
Unknown command.
Okay, then.
Magic courses through your body.
The infernal blood saint hits you with a +0 dagger.
* * * LOW HITPOINT WARNING * * *
You are engulfed in flames.
You resist.
* * * LOW HITPOINT WARNING * * *
The Hell Sentinel hits you!!!
You die...

.....▓
......▓
..°...°.▓▓
.°☼[.°○○°▓▓
.○○8○☼.○☼.▓▓
.°)..1.8°..▓▓
.°8..°§☼§.∩.▓
.☼§§...8°..▓▓
.○☼§☼°°1@.▓▓
.☼☼§88○6.▓▓
....○§..▓▓
.......▓▓
...○..▓
▓▓▓▓▓▓


You could see 2 Hell Sentinels and an infernal blood saint (berserk).

Vanquished Creatures
  the Royal Jelly (Slime:5)
  A juggernaut (Depths:1)
  An ancient lich (Depths:1)
  A greater mummy (Zig:9)
  3 pandemonium lords
  Boris (Vaults:2)
  Saint Roka (Vaults:2)
  Arachne (Spider:3)
  Nikola (Vaults:1)
  A pearl dragon (Zig:5)
  2 Brimstone Fiends (Zig:12)
  2 Shadow Fiends (Depths:2)
  2 liches
  A Hell Sentinel (Zig:12)
  7 deep elf blademasters
  4 deep elf master archers
  30 acid blobs
  An Executioner (Zig:7)
  3 tentacled starspawn
  2 sphinxes
  2 thorn hunters (Swamp:3)
  2 nagarajas (Zig:6)
  Donald (Spider:1)
  2 warmongers (Zig:12)
  4 shadow dragons (Depths:1)
  A ghoul (Vaults:1)
  A fire giant (Vaults:2)
  4 ghost moths
  A daeva (Zig:5)
  4 balrugs
  18 azure jellies
  Aizul (Vaults:1)
  2 black suns
  11 deep elf sorcerers
  9 stone giants
  A reaper (Zig:7)
  The ghost of SunsangGolaxyS the Basher, a journeyman EnMo of Yredelemnul (Depths:1)
  3 angels (Zig:5)
  4 emperor scorpions
  2 vault wardens (Vaults:2)
  3 deep elf elementalists (Elf:3)
  12 very ugly things
  A corrupter (Zig:11)
  A spriggan defender (Depths:1)
  9 ironheart preservers
  2 blood saints (Zig:12)
  A juggernaut skeleton (Vaults:2)
  3 vampire knights (Depths:1)
  6 deep elf demonologists
  A minotaur (Gauntlet)
  2 dire elephants
  6 entropy weavers
  7 deep elf annihilators
  7 spark wasps
  5 deep elf death magi
  A blizzard demon (Abyss:3)
  5 ettins
  A crystal guardian (Vaults:2)
  A deep elf high priest (Elf:3)
  3 mummy priests (Zig:9)
  A quicksilver dragon zombie (Depths:2)
  8 fire dragons
  2 merfolk impalers (Depths:1)
  6 yaktaur captains
  Josephine (Swamp:1)
  5 vault guards
  Harold (Lair:4)
  Fannar (D:11)
  6 ice dragons
  15 hydras
  A rakshasa (Vaults:2)
  A quicksilver dragon skeleton (Depths:2)
  A monstrous demonspawn (Zig:7)
  A ghost crab (Swamp:3)
  2 shadow wraiths
  3 catoblepae
  A spriggan air mage (Depths:1)
  An anaconda (Lair:6)
  8 great orbs of eyes
  Erica (D:8)
  10 ogre magi
  A death knight (Vaults:1)
  5 shambling mangroves
  28 two-headed ogres
  8 alligators
  12 death oozes
  A queen ant (Lair:6)
  13 dancing weapons
  2 deep troll earth magi
  8 deep troll shamans
  2 death scarabs (Zig:9)
  An orc high priest (Elf:2)
  A spectral spriggan (Depths:1)
  2 thrashing horrors
  A naga sharpshooter (Zig:6)
  A storm dragon zombie (Depths:1)
  A shock serpent (Zig:6)
  28 deep trolls
  3 spriggan berserkers (Depths:1)
  3 soul eaters
  A golden dragon zombie (Zig:9)
  7 spriggans
  8 centaur warriors
  A goliath frog (Swamp:3)
  20 deep elf knights
  A wretched star (Zig:11)
  A sixfirhy (Zig:7)
  11 skeletal warriors
  A death drake (Swamp:3)
  9 hell knights (Depths:2)
  2 iron trolls (Depths:1)
  4 wizards
  An obsidian statue (Zig:12)
  2 flayed ghosts
  A glowing orange brain (shapeshifter) (D:9)
  2 spatial maelstroms (Zig:11)
  A cherub (Zig:5)
  8 swamp dragons
  A naga ritualist (Zig:6)
  19 deep elf archers
  2 glowing orange brains
  3 spriggan druids
  9 starcursed masses
  2 cyclopes
  7 orange crystal statues
  A phantasmal warrior (Vaults:1)
  Pikel (D:8)
  A golden dragon skeleton (Depths:1)
  2 lindwurms (Lair:6)
  3 necromancers
  A stone giant zombie (Depths:2)
  7 ironheart convokers
  50 deep elf magi
  A sphinx zombie (Depths:2)
  11 orb spiders
  An orc sorcerer (Orc)
  24 wolf spiders
  2 oklob plants (Lair:5)
  10 ugly things
  4 moths of wrath
  10 shining eyes
  4 manticores
  13 elephants
  A moth of wrath (shapeshifter) (Depths:1)
  13 will-o'-wisps
  A stone giant skeleton (Depths:1)
  3 ice statues
  3 frost giant skeletons (Vaults:2)
  16 black mambas
  A guardian serpent (Lair:6)
  3 rust devils
  6 vault sentinels
  A smoke demon (Zig:11)
  3 naga magi (Zig:6)
  3 orange demons (Elf:2)
  5 torpor snails (Lair:1)
  9 demonic crawlers
  26 cane toads
  24 jumping spiders
  A hellion (Zig:12)
  6 rime drakes
  A yaktaur (shapeshifter) (Vaults:2)
  An eye of draining (Lair:6)
  2 tormentors
  A freezing wraith (Vaults:2)
  16 yaktaurs
  A flying skull (Zig:9)
  3 ancient zymes (Zig:11)
  9 komodo dragons
  A hellwing (Depths:1)
  Maurice (D:8)
  3 yaktaur skeletons (Vaults:2)
  4 trolls
  6 guardian mummies (Zig:9)
  3 meliai (D:11)
  A meliai (shapeshifter) (Vaults:2)
  Prince Ribbit (D:8)
  31 hornets
  An ettin zombie (Zig:9)
  A harpy skeleton (D:11)
  8 tyrant leeches
  9 hippogriffs
  127 slime creatures
  22 blink frogs
  3 bog bodies
  A deep troll zombie (Depths:1)
  5 raiju
  A fire giant simulacrum (Depths:2)
  A hippogriff (shapeshifter) (Vaults:2)
  A meliai zombie (D:12)
  An air elemental (Elf:1)
  26 tarantellas
  A wyvern (shapeshifter) (Elf:1)
  Grum (Lair:4)
  A fire dragon skeleton (Depths:1)
  24 yaks
  2 ynoxinuls
  4 water elementals
  3 wraiths (Swamp:1)
  9 wyverns
  Eustachio (D:6)
  6 large abominations
  An ettin skeleton (Depths:1)
  4 fire elementals
  10 humans (D:11)
  14 golden eyes
  7 basilisks
  3 neqoxecs
  2 hungry ghosts
  52 redbacks
  3 chaos spawn
  22 vampire mosquitoes
  A yaktaur simulacrum (Vaults:1)
  Edmund (D:6)
  2 nagas (Zig:6)
  3 wargs
  12 swamp worms
  11 crocodiles
  8 porcupines
  An acid dragon (D:6)
  17 water moccasins
  2 hell hounds (Abyss:3)
  16 orc warriors
  2 floating eyes
  27 soldier ants
  Duvessa (D:7)
  A hornet zombie (D:12)
  16 ice beasts
  9 swamp drakes
  2 slaves (D:8)
  3 phantoms
  2 sky beasts
  An ettin simulacrum (Vaults:2)
  45 ogres
  12 wolves
  9 boggarts
  13 bullfrogs
  A kobold brigand (D:4)
  3 earth elementals
  8 small abominations
  A gnoll sergeant (D:10)
  13 centaurs
  Dowan (D:7)
  5 scorpions
  4 killer bees
  5 orc priests
  11 wights
  6 howler monkeys
  A bullfrog zombie (D:9)
  10 crimson imps
  5 hounds
  8 jellies
  3 quasits
  A bullfrog skeleton (D:10)
  2 iron imps (Gauntlet)
  12 orc wizards
  5 iguanas
  Jessica (D:2)
  Ijyb (D:5)
  19 human skeletons (Vaults:2)
  6 hell rats (Lair:4)
  32 worker ants
  A hound skeleton (D:4)
  8 mummies (Zig:9)
  5 worker ant zombies
  13 adders
  8 gnolls
  4 river rats (Lair:4)
  5 shadow imps
  12 white imps (Lair:2)
  6 oozes
  2 adder zombies
  3 adder skeletons
  8 worms
  3 dart slugs
  10 leopard geckos
  65 orcs
  6 giant cockroaches
  10 hobgoblins
  5 jackals
  6 kobolds
  5 quokkas
  2 ball pythons (D:3)
  6 bats
  2 frilled lizards
  A quokka skeleton (D:4)
  11 rats
  3 blocks of ice
  7 fungi
  14 plants
  7 starspawn tentacles
1890 creatures vanquished.

Vanquished Creatures (others)
  An unseen horror (shapeshifter) (Zig:3)
  A tarantella (Spider:3)
  A human (D:11)
  A slave (D:8)
  A hound (D:7)
  3 orcs (D:7)
  34 blocks of ice
  A bush (Lair:6)
  25 fungi
  70 plants
  3 starspawn tentacles
  A withered plant (D:4)
142 creatures vanquished.

Grand Total: 2032 creatures vanquished

Notes
Turn   | Place    | Note
-------+----------+-------------------------------------------
     0 | D:1      | Galewind the Avariel Conjurer began the quest for the Orb.
     0 | D:1      | Reached XP level 1. HP: 10/10 MP: 6/6
    86 | D:1      | Reached XP level 2. HP: 15/15 MP: 1/7
    89 | D:1      | Learned a level 2 spell: Searing Ray
   470 | D:1      | Reached XP level 3. HP: 19/19 MP: 6/9
   474 | D:1      | Learned a level 3 spell: Iskenderun's Mystic Blast
  1389 | D:2      | Reached XP level 4. HP: 24/24 MP: 9/11
  1557 | D:2      | Noticed Jessica
  1563 | D:2      | Killed Jessica
  1566 | D:2      | Found a white marble altar of Elyvilon.
  1864 | D:3      | Reached XP level 5. HP: 24/28 MP: 7/13
  2278 | D:3      | Reached skill level 5 in Spellcasting
  2278 | D:3      | Reached XP level 6. HP: 32/32 MP: 9/15
  2725 | D:4      | Found a staircase to the Ecumenical Temple.
  2966 | Temple   | Entered the Ecumenical Temple
  3197 | Temple   | Became a worshipper of Vehumet
  3353 | D:4      | Reached XP level 7. HP: 36/36 MP: 6/18
  3395 | D:4      | Found a shimmering blue altar of Sif Muna.
  3624 | D:4      | Found a runed translucent door.
  3625 | D:4      | Noticed Cris's ghost (novice GnIE)
  3749 | D:4      | Found a burning altar of Makhleb.
  3810 | D:4      | Found a shattered altar of Ashenzari.
  4072 | D:5      | Entered Level 5 of the Dungeon
  4420 | D:5      | Reached XP level 8. HP: 41/41 MP: 16/20
  4623 | D:5      | Reached skill level 10 in Conjurations
  4709 | D:5      | Reached * piety under Vehumet
  4709 | D:5      | Offered knowledge of Sting by Vehumet.
  4744 | D:5      | Noticed Ijyb
  4747 | D:5      | Killed Ijyb
  5787 | D:6      | Noticed Edmund
  5791 | D:6      | Killed Edmund
  5792 | D:6      | Gained mutation: You can fly continuously. [Avariel growth]
  5792 | D:6      | Reached XP level 9. HP: 46/46 MP: 13/24
  5914 | D:6      | Noticed a deep elf mage
  5916 | D:6      | Killed a deep elf mage
  5917 | D:6      | Reached skill level 1 in Fighting
  5983 | D:6      | Noticed Eustachio
  5988 | D:6      | Killed Eustachio
  5989 | D:6      | Reached skill level 1 in Short Blades
  5989 | D:6      | Reached skill level 10 in Spellcasting
  6523 | D:7      | Offered knowledge of Flame Tongue by Vehumet.
  6532 | D:6      | Reached skill level 5 in Dodging
  6532 | D:6      | Reached ** piety under Vehumet
  6848 | D:7      | Noticed Dowan
  6850 | D:7      | Killed Dowan
  6900 | D:7      | Reached XP level 10. HP: 52/52 MP: 16/26
  7010 | D:7      | Noticed a two-headed ogre
  7017 | D:7      | Killed a two-headed ogre
  7109 | D:7      | Noticed Duvessa
  7112 | D:7      | Killed Duvessa
  7479 | D:8      | Noticed Erica
  7487 | D:8      | Killed Erica
  7593 | D:8      | Noticed Pikel
  7595 | D:8      | Noticed Maurice
  7613 | D:8      | Killed Pikel
  7615 | D:8      | Noticed Prince Ribbit
  7631 | D:8      | Killed Maurice
  7631 | D:8      | Offered knowledge of Ignite Poison by Vehumet.
  7632 | D:8      | Reached skill level 1 in Evocations
  7633 | D:8      | Killed Prince Ribbit
  7634 | D:8      | Reached skill level 5 in Fighting
  7722 | D:8      | Reached *** piety under Vehumet
  7723 | D:8      | Reached XP level 11. HP: 63/63 MP: 14/28
  7821 | D:8      | Noticed a two-headed ogre
  7826 | D:8      | Killed a two-headed ogre
  7940 | D:8      | Learned a level 5 spell: Freezing Cloud
  8098 | D:8      | Got a twisted robe
  8390 | D:9      | Offered knowledge of Lightning Bolt by Vehumet.
  8689 | D:9      | Found a staircase to the Lair.
  8718 | D:9      | Reached skill level 10 in Dodging
  8869 | D:9      | Reached skill level 1 in Air Magic
  8907 | D:9      | Noticed a glowing orange brain
  8915 | D:9      | Killed a glowing orange brain
  8916 | D:9      | Reached skill level 1 in Ice Magic
  9214 | Lair:1   | Entered Level 1 of the Lair of Beasts
  9298 | Lair:1   | Identified the +1 robe of Makhleb's Benevolence {+Blink
                  | Slay+3 Archmagi} (You found it on level 8 of the Dungeon)
  9373 | Lair:1   | Reached **** piety under Vehumet
  9514 | Lair:1   | Offered knowledge of Sticky Flame by Vehumet.
  9516 | Lair:1   | Reached skill level 5 in Air Magic
  9540 | Lair:1   | Reached skill level 5 in Ice Magic
  9653 | Lair:1   | Found a snail-covered altar of Cheibriados.
  9663 | Lair:1   | Reached XP level 12. HP: 70/70 MP: 20/29
  9668 | Lair:1   | Learned a level 4 spell: Sticky Flame
 10283 | Lair:1   | Found a stormy altar of Qazlal.
 10388 | Lair:1   | Noticed a seven-headed hydra
 10394 | Lair:1   | Killed a seven-headed hydra
 10902 | Lair:2   | Found a hole to the Spider Nest.
 10904 | Lair:2   | Noticed a five-headed hydra
 10907 | Lair:2   | Killed a five-headed hydra
 11092 | Lair:2   | Reached ***** piety under Vehumet
 11094 | Lair:2   | Found a frozen archway.
 11104 | IceCv    | Entered an ice cave
 11108 | IceCv    | Offered knowledge of Orb of Destruction by Vehumet.
 11533 | IceCv    | Noticed an ice dragon
 11536 | IceCv    | Noticed an ice dragon
 11541 | IceCv    | Killed an ice dragon
 11542 | IceCv    | Reached skill level 15 in Conjurations
 11545 | IceCv    | Killed an ice dragon
 11910 | Lair:2   | Reached XP level 13. HP: 74/74 MP: 33/33
 12431 | Lair:3   | Noticed kosoiffoigrumme1174's ghost (journeyman TrAc)
 12436 | Lair:3   | Found a runed translucent gate.
 12436 | Lair:3   | Found a runed translucent gate.
 12438 | Lair:3   | Found a runed translucent gate.
 12549 | Lair:3   | Got an iridescent war axe
 13037 | Lair:3   | Found a staircase to the Swamp.
 13362 | Lair:4   | Reached skill level 1 in Fire Magic
 13370 | Lair:4   | Noticed Grum
 13379 | Lair:4   | Killed Grum
 13517 | Lair:4   | Reached skill level 5 in Fire Magic
 13724 | Lair:4   | Noticed Harold
 13733 | Lair:4   | Killed Harold
 13991 | Lair:4   | Got a scorched jade amulet
 14011 | Lair:4   | Found a runed translucent gate.
 14011 | Lair:4   | Found a runed translucent gate.
 14013 | Lair:4   | Found a runed translucent gate.
 14189 | Lair:4   | Learned a level 7 spell: Orb of Destruction
 14514 | Lair:4   | Found the +8 whip "Snakebite" {curare, rPois}
 14688 | Lair:4   | Noticed kosoiffoigrumme1174's ghost (journeyman TrAc)
 14893 | Lair:5   | Reached skill level 1 in Maces & Flails
 15155 | Lair:5   | Found a runed translucent gate.
 15155 | Lair:5   | Found a runed translucent gate.
 15155 | Lair:5   | Found a runed translucent gate.
 15237 | Lair:5   | Noticed a minotaur
 15238 | Lair:5   | Noticed kosoiffoigrumme1174's ghost (journeyman TrAc)
 15478 | Lair:5   | Identified the amulet of Freedom {Acrobat rElec} (You found
                  | it on level 4 of the Lair of Beasts)
 15825 | Lair:6   | Entered Level 6 of the Lair of Beasts
 16021 | Lair:6   | Reached skill level 10 in Fire Magic
 16045 | Lair:6   | Reached XP level 14. HP: 80/80 MP: 26/34
 16183 | Lair:6   | Offered knowledge of Bolt of Magma by Vehumet.
 16222 | Lair:6   | Noticed a dire elephant
 16232 | Lair:6   | Killed a dire elephant
 16340 | Lair:6   | Noticed an entropy weaver
 16344 | Lair:6   | Killed an entropy weaver
 16697 | Lair:6   | Noticed an entropy weaver
 16702 | Lair:6   | Killed an entropy weaver
 17015 | Lair:6   | Got a steaming shortbow
 17016 | Lair:6   | Identified the +7 shortbow "Dozodok" {flame, rElec rPois
                  | Int+5 Dex-4} (You found it on level 6 of the Lair of
                  | Beasts)
 17102 | Lair:6   | Reached XP level 15. HP: 80/84 MP: 35/35
 17109 | Lair:6   | Learned a level 6 spell: Bolt of Cold
 17251 | Lair:6   | Found a viscous altar of Jiyva.
 17252 | Lair:6   | Found a staircase to the Slime Pits.
 17254 | Lair:6   | Found a viscous altar of Jiyva.
 18072 | D:10     | Entered Level 10 of the Dungeon
 18137 | D:10     | Reached ****** piety under Vehumet
 18374 | D:10     | Found Roufon's Book Emporium.
 18378 | D:10     | Bought a book of Party Tricks for 700 gold pieces
 18378 | D:10     | Bought a book of the Warp for 1260 gold pieces
 18385 | D:10     | Learned a level 6 spell: Deflect Missiles
 18499 | D:10     | Reached skill level 1 in Charms
 18639 | D:10     | Found Bereps's Magic Scroll Boutique.
 18652 | D:10     | Bought a scroll of identify for 22 gold pieces
 18652 | D:10     | Bought a scroll of identify for 22 gold pieces
 18935 | D:11     | Offered knowledge of Poison Arrow by Vehumet.
 18944 | D:11     | Got a shimmering trident
 19067 | D:11     | Found a portal to a secret trove of treasure.
 19207 | D:11     | Found a runed translucent gate.
 19208 | D:11     | Found a runed translucent gate.
 19209 | D:11     | Found a runed translucent gate.
 19293 | D:11     | Identified the ring "Pofuitt" {Ice Str+3 Int-4 Dex+3}
 19293 | D:11     | Noticed Fannar
 19297 | D:11     | Killed Fannar
 19554 | D:11     | Noticed Lazarus1551's ghost (journeyman OnCj)
 19777 | D:11     | Found a gate to the Vaults.
 19889 | D:11     | Found a staircase to the Orcish Mines.
 20077 | Orc      | Entered the Orcish Mines
 20107 | Orc      | Reached skill level 5 in Charms
 20187 | Orc      | Found Zyema's Jewellery Boutique.
 20190 | Orc      | Found Hosam's Distillery.
 20190 | Orc      | Found Yggomnunk's General Store.
 20190 | Orc      | Found Jiggorhi's Assorted Antiques.
 20258 | Orc      | Found a gate leading to a gauntlet.
 20271 | Gauntlet | Entered a Gauntlet
 20271 | Gauntlet | Found a transporter.
 20288 | Gauntlet | Found a transporter.
 20297 | Gauntlet | Found a transporter.
 20303 | Gauntlet | Found a transporter.
 20318 | Gauntlet | Found a transporter.
 20337 | Gauntlet | Found a transporter.
 20346 | Gauntlet | Found the +2 cloak of the Thief {+Fog +Inv Slay-2 SInv
                  | Stlth+}
 20349 | Gauntlet | Found a transporter.
 20361 | Gauntlet | Found a transporter.
 20373 | Gauntlet | Found a transporter.
 20385 | Gauntlet | Found a transporter.
 20404 | Gauntlet | Found a transporter.
 20419 | Gauntlet | Found a transporter.
 20421 | Gauntlet | Found a transporter.
 20447 | Gauntlet | Found a transporter.
 20449 | Gauntlet | Found a transporter.
 20451 | Gauntlet | Found a transporter.
 20473 | Gauntlet | Found a transporter.
 20475 | Gauntlet | Found a transporter.
 20678 | Gauntlet | Offered knowledge of Bolt of Draining by Vehumet.
 20894 | Gauntlet | Identified the ring "Ynydd" {MR+ Str+4}
 20955 | Gauntlet | Got a jewelled dagger
 20956 | Gauntlet | Identified the +6 dagger "Kewiep" {freeze, rElec rPois
                  | Int-2} (You found it in a Gauntlet)
 21041 | Orc      | Found a staircase to the Elven Halls.
 21164 | Orc      | Bought a scroll labeled ONTULI ABBAUDD for 26 gold pieces
 21167 | Orc      | Bought a potion of heal wounds for 65 gold pieces
 21167 | Orc      | Bought a potion of heal wounds for 65 gold pieces
 21167 | Orc      | Bought a potion of heal wounds for 65 gold pieces
 21167 | Orc      | Bought a potion of haste for 130 gold pieces
 21167 | Orc      | Bought a potion of ambrosia for 52 gold pieces
 21167 | Orc      | Bought a potion of agility for 52 gold pieces
 21167 | Orc      | Bought a potion of cancellation for 65 gold pieces
 21640 | Elf:1    | Entered Level 1 of the Elven Halls
 21653 | Elf:1    | Reached XP level 16. HP: 90/90 MP: 36/36
 21711 | Elf:1    | Got a pair of buzzing boots
 21962 | Elf:1    | Reached skill level 10 in Ice Magic
 22225 | Elf:1    | Identified the +0 pair of boots of the Eternal Fruit {Str+3
                  | Int+3} (You found it on level 1 of the Elven Halls)
 22784 | Elf:2    | Offered knowledge of Bolt of Fire by Vehumet.
 23044 | Elf:2    | Reached skill level 10 in Air Magic
 23154 | Elf:2    | Reached XP level 17. HP: 96/97 MP: 37/37
 23478 | Elf:2    | Found Semy's Jewellery Boutique.
 23478 | Elf:2    | Found Jyutoyge's Gadget Emporium.
 23479 | Elf:2    | Found Zaxzunluu's Jewellery Boutique.
 23513 | Elf:2    | Found a runed gate.
 23514 | Elf:2    | Found a runed gate.
 23514 | Elf:2    | Found a runed gate.
 23710 | Elf:3    | Entered Level 3 of the Elven Halls
 23839 | Elf:3    | Reached skill level 15 in Dodging
 24010 | Elf:3    | Identified the +6 great mace "Butzosolaar" {venom, *Contam
                  | rPois Str+3}
 24012 | Elf:3    | Identified the ring of the Moon {Wiz +Blink rC+}
 24115 | Elf:3    | Identified the +7 flail "Sahem" {drain, rC- rN+ MR+}
 24115 | Elf:3    | Identified the ring of the Enemy {+Inv +Fly rElec Int+5}
 24233 | Elf:3    | Reached skill level 10 in Fighting
 24339 | Elf:3    | Noticed a deep elf master archer
 24340 | Elf:3    | Killed a deep elf master archer
 24389 | Elf:3    | Offered knowledge of Icicle Burst by Vehumet.
 24401 | Elf:3    | Identified the +8 short sword "Banisher" {pierce, rPois
                  | rC++ rN+ Int-4}
 24403 | Elf:3    | Reached skill level 5 in Maces & Flails
 24417 | Elf:3    | Cast into level 1 of the Abyss (a deep elf sorcerer)
 24417 | Abyss:1  | Found a corrupted altar of Lugonu.
 24445 | Abyss:1  | Found a corrupted altar of Lugonu.
 24731 | Abyss:3  | Got a warped great mace
 24885 | Abyss:3  | Noticed a tentacled starspawn
 24985 | Abyss:3  | Learned a level 7 spell: Icicle Burst
 25039 | Abyss:3  | Noticed a tentacled starspawn
 25046 | Abyss:3  | Killed a tentacled starspawn
 25054 | Elf:3    | Escaped the Abyss
 25192 | Elf:3    | Noticed a deep elf blademaster
 25203 | Elf:3    | Killed a deep elf blademaster
 25204 | Elf:3    | Reached XP level 18. HP: 53/107 MP: 6/38
 25210 | Elf:3    | Noticed a deep elf master archer
 25213 | Elf:3    | Killed a deep elf master archer
 25393 | Elf:3    | Noticed a deep elf master archer
 25394 | Elf:3    | Killed a deep elf master archer
 25396 | Elf:3    | Noticed a deep elf blademaster
 25399 | Elf:3    | Killed a deep elf blademaster
 25428 | Elf:3    | Got a shimmering dagger
 25437 | Elf:3    | Got a fading dagger
 25596 | Elf:3    | Got a scorched brass ring
 26040 | Swamp:1  | Entered Level 1 of the Swamp
 26040 | Swamp:1  | Noticed Josephine
 26046 | Swamp:1  | Killed Josephine
 26206 | Swamp:1  | Offered knowledge of Mana Rupture by Vehumet.
 26965 | Swamp:1  | Identified the ring of Doitul {rF++ Str-2 Stlth--} (You
                  | found it on level 3 of the Elven Halls)
 27636 | Swamp:3  | Entered Level 3 of the Swamp
 27984 | Swamp:3  | Offered knowledge of Fire Storm by Vehumet.
 27984 | Swamp:3  | Offered knowledge of Glaciate by Vehumet.
 27984 | Swamp:3  | Offered knowledge of Ignition by Vehumet.
 28009 | Swamp:3  | Learned a level 8 spell: Glaciate
 28078 | Swamp:3  | Reached XP level 19. HP: 94/112 MP: 32/39
 28186 | Swamp:3  | Got a decaying rune of Zot
 28452 | Swamp:3  | Reached skill level 15 in Ice Magic
 28715 | Spider:1 | Entered Level 1 of the Spider Nest
 28955 | Spider:1 | Noticed Donald
 28957 | Spider:1 | Killed Donald
 29224 | Spider:1 | Learned a level 8 spell: Ignition
 30801 | Spider:3 | Entered Level 3 of the Spider Nest
 30839 | Spider:3 | Noticed Arachne
 30934 | Spider:3 | Killed Arachne
 31486 | Spider:3 | Reached skill level 15 in Fire Magic
 31653 | Spider:3 | Reached XP level 20. HP: 117/117 MP: 40/40
 31800 | Spider:3 | Got a gossamer rune of Zot
 32238 | Vaults:1 | Entered Level 1 of the Vaults
 32325 | Vaults:1 | Noticed Aizul
 32329 | Vaults:1 | Killed Aizul
 32448 | Vaults:1 | Noticed Nikola
 32453 | Vaults:1 | Killed Nikola
 33152 | Vaults:1 | Reached skill level 15 in Air Magic
 33227 | Vaults:1 | Found Xuvais's Magic Scroll Boutique.
 33395 | Vaults:1 | Identified the +0 robe "Mibidycs" {*Drain Regen+ Str+2}
 34060 | Vaults:2 | Reached skill level 15 in Spellcasting
 34112 | Vaults:2 | Noticed Boris
 34119 | Vaults:2 | Killed Boris
 34150 | Vaults:2 | Reached XP level 21. HP: 94/122 MP: 16/42
 34866 | Vaults:2 | Noticed Saint Roka
 34876 | Vaults:2 | Killed Saint Roka
 35340 | Vaults:2 | Found a staircase to the Crypt.
 35832 | Slime:1  | Entered Level 1 of the Pits of Slime
 36350 | Slime:1  | Found a viscous altar of Jiyva.
 37849 | Slime:4  | Reached XP level 22. HP: 132/132 MP: 46/46
 38048 | Slime:5  | Entered Level 5 of the Pits of Slime
 38077 | Slime:5  | Noticed the Royal Jelly
 38086 | Slime:5  | Killed the Royal Jelly
 38411 | Slime:5  | Found the +3 Elemental Staff {rElec rF++ rC++ MR++ AC+5}
 38455 | Slime:5  | Identified the Almanac of Poison and the Frostbite
 38476 | Slime:5  | Identified the +2 chain mail "Zusay" {Int-4 Dex+2 Stlth+}
 38502 | Slime:5  | Identified the cursed +0 rapier "Oddulom" {speed, rN+ Int+4
                  | Stlth+}
 38533 | Slime:5  | Identified the amulet of Zecvekho {Inacc Str+2 Int+5 Dex-4
                  | Stlth+}
 38618 | Slime:5  | Identified the +2 falchion "Esethrymi" {elec, Str+2}
 38623 | Slime:5  | Got a slimy rune of Zot
 39387 | D:12     | Entered Level 12 of the Dungeon
 39467 | D:12     | Reached skill level 1 in Staves
 39616 | D:12     | Learned a level 7 spell: Controlled Blink
 39930 | D:12     | Found a staircase to the Depths.
 40109 | Depths:1 | Entered Level 1 of the Depths
 40196 | Depths:1 | Reached skill level 5 in Staves
 40296 | Depths:1 | Noticed an ancient lich
 40447 | Depths:1 | Killed an ancient lich
 40448 | Depths:1 | Reached XP level 23. HP: 109/143 MP: 26/47
 40549 | Depths:1 | Found a gateway to a ziggurat.
 40881 | Depths:1 | Identified the Catalogue of Dark Rituals
 40909 | Depths:1 | Found a gateway to Hell.
 41272 | Depths:1 | Reached skill level 10 in Staves
 41303 | Depths:1 | Found a one-way gate leading to the halls of Pandemonium.
 41349 | Depths:1 | Found a transporter.
 41354 | Depths:1 | Identified the cursed +1 rapier of the Depths {vamp, MR+
                  | Int+4}
 41354 | Depths:1 | Identified the +7 rapier of Bodily Humours {antimagic,
                  | rElec}
 41355 | Depths:1 | Identified the +4 lajatang of True Grit {slice, rElec rPois
                  | Str+2 Dex+2}
 41356 | Depths:1 | Identified the +10 hand crossbow of the Undead {penet, rN+}
 41356 | Depths:1 | Found a bloodstained altar of Trog.
 41356 | Depths:1 | Noticed SunsangGolaxyS's ghost (journeyman EnMo)
 41356 | Depths:1 | Noticed a juggernaut
 41366 | Depths:1 | Identified the +2 rapier "Omosh" {freeze, Str+4}
 41366 | Depths:1 | Identified the +9 rapier of Udoum {elec, rPois Str-4 Int+7
                  | Stlth-}
 41384 | Depths:1 | Found a transporter.
 41619 | Depths:1 | Killed SunsangGolaxyS's ghost
 41623 | Depths:1 | Killed a juggernaut
 42511 | Depths:2 | Reached skill level 15 in Fighting
 42852 | Depths:2 | Reached skill level 1 in Translocations
 43193 | Depths:2 | Reached skill level 5 in Translocations
 43698 | Zig:1    | Entered Level 1 of a ziggurat
 43714 | Zig:2    | Entered Level 2 of a ziggurat
 43717 | Zig:2    | Noticed Exarimif the pandemonium lord
 43722 | Zig:2    | Killed Exarimif the pandemonium lord
 43723 | Zig:2    | Reached XP level 24. HP: 150/150 MP: 22/47
 43752 | Zig:2    | Reached XP level 25. HP: 155/155 MP: 47/47
 43758 | Zig:3    | Entered Level 3 of a ziggurat
 43771 | Zig:3    | Identified the Guide on Summoning
 43786 | Zig:4    | Entered Level 4 of a ziggurat
 43801 | Zig:4    | Identified the +9 war axe of the Tundras {distort, rC+}
 43804 | Zig:4    | Identified the +2 scale mail of the Eagle {*Corrode +Blink
                  | Str+2 Dex+2}
 43808 | Zig:5    | Entered Level 5 of a ziggurat
 43832 | Zig:5    | Identified the +6 hand axe "Dragonslayer" {pain, +Blink
                  | rN+++ Str-4 Int+4}
 43856 | Zig:6    | Entered Level 6 of a ziggurat
 43866 | Zig:6    | Found the +7 Kryia's mail coat {PotionHeal*2 rC+ RMsl}
 43878 | Zig:6    | Identified the +5 hand axe "Beastslayer" {distort, *Corrode
                  | rPois rC+ rN+}
 43889 | Zig:7    | Entered Level 7 of a ziggurat
 43896 | Zig:7    | Noticed Haocawn the pandemonium lord
 43902 | Zig:7    | Killed Haocawn the pandemonium lord
 43933 | Zig:7    | Identified the Reference Book on Warped Dark Secrets
 43952 | Zig:8    | Entered Level 8 of a ziggurat
 43962 | Zig:8    | Reached skill level 10 in Translocations
 43983 | Zig:8    | Identified the +4 rapier of Tenacity {drain, rElec}
 43995 | Zig:9    | Entered Level 9 of a ziggurat
 44002 | Zig:9    | Noticed a greater mummy
 44003 | Zig:9    | Gained mutation: Scrolls take you a little longer to read.
                  | [a cacodemon]
 44005 | Zig:9    | Killed a greater mummy
 44168 | Zig:9    | Identified the +8 triple crossbow "Goux" {penet, rElec}
 44177 | Zig:9    | Identified the ring "Heseiduk" {Wiz Dex+9}
 44210 | Zig:10   | Entered Level 10 of a ziggurat
 44230 | Zig:10   | Identified the Almanac of Shifting Execration
 44256 | Zig:10   | Reached XP level 26. HP: 142/160 MP: 47/47
 44257 | Zig:10   | Reached XP level 27. HP: 147/165 MP: 47/47
 44265 | Zig:11   | Entered Level 11 of a ziggurat
 44321 | Zig:11   | Learned a level 9 spell: Fire Storm
 44325 | Zig:11   | Identified Sif Muna's Compendium of Glacial Arcane Weapons
 44330 | Zig:11   | Identified the ring "Wuosagef" {MR+ Str+4 Int-3}
 44341 | Zig:11   | Identified the +1 ring mail "Koac" {rElec rN+ Str-5 SInv}
 44346 | Zig:12   | Entered Level 12 of a ziggurat
 44359 | Zig:12   | Noticed Mozer the pandemonium lord
 44364 | Zig:12   | Killed Mozer the pandemonium lord
 44378 | Zig:12   | Annihilated by a Hell Sentinel

Skill      XL: |  1  2  3  4  5  6  7  8  9 10 11 12 13 14 15 16 17 18 19 20 21 22 23 24 25 26 27 |
---------------+----------------------------------------------------------------------------------+-----
Conjurations   | 6 7 8 9 11 12 13 15 16 18 | 18.0
Spellcasting   | 3 4 5 6 7 9 10 11 14 15 18 | 18.0
Dodging        | 3 4 5 8 10 13 14 15 | 15.0
Fighting       | 1 5 6 7 10 11 14 15 | 15.0
Short Blades   | 1 2 |  2.0
Evocations     | 1 2 |  2.8
Air Magic      | 5 10 11 15 16 | 16.2
Ice Magic      | 5 9 11 14 15 | 15.4
Fire Magic     | 10 12 15 16 | 16.3
Maces & Flails | 2 8 9 |  9.3
Charms         | 7 9 |  9.0
Staves         | 8 12 | 12.4
Translocations | 6 12 14 | 14.3
Stealth        | |  2.1

Action                   |  1- 3 |  4- 6 |  7- 9 | 10-12 | 13-15 | 16-18 | 19-21 | 22-24 | 25-27 || total
-------------------------+-------+-------+-------+-------+-------+-------+-------+-------+-------++-------
Melee: Dagger            |       |    14 |    25 |    49 |       |    10 |       |       |       ||    98
       Staff             |       |       |       |       |       |    13 |     3 |     3 |       ||    19
       Quarterstaff      |       |       |       |       |       |       |       |    88 |     1 ||    89
 Cast: Magic Dart        |    58 |    81 |     4 |     2 |       |       |     1 |       |       ||   146
       Searing Ray       |     2 |    11 |     5 |     8 |       |       |       |       |       ||    26
       Iskenderun's Myst |       |     8 |   116 |   270 |   515 |   140 |       |       |       ||  1049
       Freezing Cloud    |       |       |       |     8 |    71 |     7 |     1 |       |       ||    87
       Bolt of Cold      |       |       |       |       |    20 |   276 |   203 |    90 |     2 ||   591
       Orb of Destructio |       |       |       |       |     3 |     2 |       |       |       ||     5
       Deflect Missiles  |       |       |       |       |     1 |       |       |     1 |       ||     2
       Icicle Burst      |       |       |       |       |       |    71 |   135 |   135 |    12 ||   353
       Ignition          |       |       |       |       |       |       |   106 |    35 |    29 ||   170
       Glaciate          |       |       |       |       |       |       |     9 |    29 |    16 ||    54
       Sticky Flame      |       |       |       |       |       |       |     1 |       |       ||     1
Evoke: Wand              |       |       |       |     7 |       |       |     4 |       |       ||    11
  Use: Scroll            |       |       |    11 |     1 |    14 |    10 |     2 |     1 |     1 ||    40
       Potion            |       |       |       |       |       |     2 |     1 |     2 |     6 ||    11
 Stab: Confused          |       |       |       |     1 |       |       |       |       |       ||     1
       Paralysed         |       |       |       |     2 |       |       |       |       |       ||     2
  Eat: Chunk             |     2 |     8 |    16 |    22 |    33 |    14 |    23 |    15 |       ||   133
       Ration            |       |       |       |       |       |     3 |     9 |     7 |     5 ||    24
Armor: Robe              |     1 |     9 |    21 |    17 |     8 |     9 |    16 |    14 |     3 ||    98
Dodge: Dodged            |     6 |    15 |    44 |   108 |    85 |   132 |   146 |   189 |    37 ||   762
       Deflected         |       |       |     3 |     4 |     9 |    21 |    21 |    12 |     3 ||    73
